 Dungeon Crawl Stone Soup version 0.31-a0-240-gb923e448b6 (webtiles) character file.

Game seed: 2491487232950632047

6709 Nattfarinn the Mimic (level 11, -1/81 HPs)
             Began as a Djinni Shapeshifter on July 11, 2023.
             Was an Initiate of Ashenzari.
             Slain by an orc warrior
             ... wielding a +0 broad axe
              (15 damage)
             ... in a bailey.
             The game lasted 00:17:10 (8082 turns).

Nattfarinn the Mimic (Djinni Shapeshifter)          Turns: 8082, Time: 00:17:11

Health: -1/81      AC: 10    Str: 21 (23) XL:     11   Next: 23%
Gold:   655        EV: 10    Int:  7 (10) God:    Ashenzari [......] SH:  0 Dex: 14

rFire   x .          .
                       - Unarmed
rCold   + . .        (shield currently unavailable)
rNeg    . . .        E - melded +0 ring mail of Lilacs {rPois rC+ Will+ Str+2}
rPois   ∞            C - melded +2 helmet
rElec   .            (cloak currently unavailable)
rCorr   .            (gloves currently unavailable)
SInv    +            (boots unavailable)
Will    +....        (no amulet)
Stlth   +            f - ring of see invisible
HPRegen 0.00/turn    y - ring of ice
MPRegen 0.00/turn

%: infuse magic (-2 HP)
@: mighty, snake-form, attractive, flying, inhibited regen, hasted, very quick
A: constrict, flying, boosted hp, sickness immunity, large, (fire resistance 2),
(cold vulnerability 1), float, innate caster, HP casting, extra vitality 1,
inhibited regeneration
a: Renounce Religion, Curse Item


You were in a bailey.
You worshipped Ashenzari.
Ashenzari was noncommittal.
You were an enormous anaconda.
You visited 2 branches of the dungeon, and saw 10 of its levels.
You also visited: Ossuary and Bailey.

You collected 655 gold pieces.

Inventory:

Armour
 a - a +0 animal skin
 C - a +2 helmet (melded)
 E - the +0 ring mail of Lilacs (melded) {rPois rC+ Will+ Str+2}
   (You found it on level 7 of the Dungeon)

   Str:       It affects your strength (+2).
   rC:        It protects you from cold.
   rPois:     It protects you from poison.
   Will:      It increases your willpower.
Jewellery
 f - a ring of see invisible (left hand)
 y - a ring of ice (right hand)
Talismans
 c - a beast talisman
 s - a serpent talisman
Wands
 D - a wand of flame (38)
Scrolls
 h - 4 scrolls of revelation
 l - 2 scrolls of fog
 n - a scroll of immolation {unknown}
 o - a scroll of acquirement {unknown}
 p - 2 scrolls of fear {unknown}
 q - a scroll of blinking
 r - 3 scrolls of noise
 w - 2 scrolls of teleportation
 F - a scroll of enchant weapon {unknown}
 G - a scroll of enchant armour
Potions
 b - a potion of lignification
 e - a potion of ambrosia {unknown}
 g - 4 potions of brilliance
 j - a potion of mutation
 k - a potion of magic
 m - a potion of cancellation
 u - 2 potions of degeneration
 x - a potion of attraction
 z - a potion of berserk rage {unknown}
 A - a potion of invisibility {unknown}
 B - a potion of might


   Skills:
 - Level 2.0 Fighting
 - Level 2.1 Dodging
 + Level 9.8 Unarmed Combat
 * Level 10.8 Shapeshifting


You knew the following spells:

 Your Spells              Type           Power      Damage    Failure   Level
a - Necrotise             Necr           0%         1d4       94%         1
b - Call Imp              Summ           0%         N/A       97%         2
c - Ignite Poison         Fire/Tmut/Pois 0%         N/A       99%         3
d - Ozocubu's Armour      Ice            0%         N/A       99%         3
e - Agony                 Necr           0%         N/A       100%        5
Your spell library was empty.


Dungeon Overview and Level Annotations

Branches:
Dungeon (9/15)             Temple (1/1) D:4         Ossuary (visited)
 Bailey (1/1)
   Lair: D:8-11         Orc: D:9-12

Altars:
Ashenzari
Cheibriados
Dithmenos
Elyvilon
Fedhas
Gozag
Hepliaklqana
Makhleb
Nemelex Xobeh
Okawaru
Qazlal
Ru
Trog
Uskayaw
Xom
Yredelemnul
The Shining One

Shops:
D:4 =   D:8 =?*((

Annotations:
D:4 2 runed translucent doors, Lavandula's ghost, amateur DEIE
D:5 Eustachio


Innate Abilities, Weirdness & Mutations

You are an enormous anaconda.
You have a powerful constriction melee attack.
You are flying.
Your maximum health is increased.
Your spellcasting is less reliable in this form.
Your armour is entirely melded.
You are incapable of wielding weapons or throwing items.
You are immune to sickness and miasma.
You are immune to poison.
((Your flesh is very heat resistant. (rF++)))
((You are vulnerable to cold. (rC-)))
You float through the air rather than walking.
You learn spells naturally, not from books.
Your magical power is your life essence.
You have superior vitality. (+4 MHP)
You do not regenerate when monsters are visible.


Message History

An orc warrior comes into view. It is wielding a +0 hand axe.
The orc warrior hits you with a +0 hand axe!!
* * * LOW HITPOINT WARNING * * *
The hobgoblin hits you but does no damage.
The orc warrior is attracted toward you.
You lash the orc warlord!
The orc warlord is almost dead.
You constrict the orc warlord.
You kill the orc warlord!
The orc warrior is attracted toward you.
You feel your strength returning.
You feel your dexterity returning.
Unknown command.
The orc warrior is attracted toward you.
The orc warrior is attracted toward you.
Blink to where?
Press: ? - help, Dir - move target
As you read the scroll of blinking, it crumbles to dust.
The orc warrior is attracted toward you.
The orc warrior is attracted toward you.
The orc warrior is attracted toward you.
The orc warrior is attracted toward you.
The orc warrior is attracted toward you.
The orc warrior is attracted toward you.
You barely miss the orc warrior. You grab the orc warrior.
You constrict the orc warrior.
You body-slam the orc warrior!!
The orc warrior is almost dead.
You constrict the orc warrior.
The orc warrior hits you with a +0 hand axe!
* * * LOW HITPOINT WARNING * * *
You body-slam the orc warrior!!
You kill the orc warrior!
An orc warrior comes into view. It is wielding a +0 broad axe.
The orc warrior is attracted toward you.
The orc warrior is attracted toward you.
There is an open door here.
The orc warrior is attracted toward you.
You feel better.
The orc warrior hits you with a +0 broad axe!
You die...

#.### ###.### ....###
###.....###
......###.........##
.......#...........#
§§.o))§§...........#
§⌠.))))#.....⌠.))).#
.....).#.......)...#
.......#......)....#
......###.......S.###
♣♣♣♣♣♣ ....###
###.....#o#.### ♣♣.♣♣.♣
#.###
###.###.§...###♣♣......
###
###...).....##.......
8# #....)).....#.......
8# #.....).§...'.......
.'.
#.....⌠)....'..∩.∩..
8#..
#.........§.'.......
8##..
#...........#.......


You could see an orc warrior.

Vanquished Creatures
  An orc warlord (Bailey)
  A deep elf pyromancer (D:8)
  An orc knight (Bailey)
  Grinder (D:6)
  4 yaks
  A water moccasin (D:8)
  13 orc warriors
  2 ice beasts (D:6)
  2 black bears
  A sky beast (D:7)
  An ogre (D:6)
  2 centaurs
  A phantom (D:7)
  2 kobold brigands (D:8)
  2 bullfrogs
  3 scorpions (D:6)
  5 wights (D:8)
  11 killer bees (D:7)
  8 howler monkeys
  3 hounds
  3 orc priests
  An iguana (D:4)
  Jessica (D:3)
  3 orc wizards
  8 mummies (Ossuary)
  5 gnolls (Bailey)
  10 adders
  A white imp (D:3)
  2 ufetubi (D:4)
  5 worms
  2 dart slugs
  17 orcs
  4 ball pythons
  5 endoplasms
  A giant cockroach (D:1)
  3 gnoll zombies (Ossuary)
  22 goblins
  14 hobgoblins
  6 jackals
  10 kobolds
  2 bats
  A frilled lizard (D:3)
  4 kobold zombies (Ossuary)
  An orc zombie (Ossuary)
  10 rats
206 creatures vanquished.

Notes
Turn   | Place    | Note
-------+----------+-------------------------------------------
     0 | D:1      | Nattfarinn the Djinni Shapeshifter began the quest for the
                  | Orb.
     0 | D:1      | Reached XP level 1. HP: 18/18 MP: 0/0
    94 | D:1      | Reached XP level 2. HP: 22/23 MP: 0/0
   128 | D:1      | Reached skill level 3 in Shapeshifting
   265 | D:1      | Reached XP level 3. HP: 19/28 MP: 0/0
   265 | D:1      | Learned a level 1 spell: Necrotise
  1269 | D:2      | Identified the +5 leather armour "Luhusmyi" {Will+ Regen+
                  | Str-5}
  1492 | D:2      | Reached XP level 4. HP: 30/33 MP: 0/0
  2346 | D:3      | Found a faded altar of an unknown god.
  2347 | D:3      | Noticed a shining eye
  2350 | D:3      | Noticed an eye of devastation
  2350 | D:3      | Noticed a great orb of eyes
  2350 | D:3      | Noticed a golden eye
  2568 | D:3      | Found a shimmering altar of Xom.
  2570 | D:3      | Found a glowing golden altar of the Shining One.
  2570 | D:3      | Found a blossoming altar of Fedhas.
  2571 | D:3      | Noticed Jessica
  2572 | D:3      | Found a shimmering altar of Xom.
  2572 | D:3      | Found a bloodstained altar of Trog.
  2590 | D:3      | Killed Jessica
  2591 | D:3      | Reached skill level 4 in Shapeshifting
  2591 | D:3      | Reached XP level 5. HP: 24/38 MP: 0/0
  2591 | D:3      | Learned a level 2 spell: Call Imp
  2810 | D:4      | Found a broken altar of Ashenzari.
  2810 | D:4      | Found a stormy altar of Qazlal.
  2931 | D:4      | Found Arylipuum's Jewellery Boutique.
  2933 | D:4      | Found a large runed translucent door.
  2934 | D:4      | Found a large runed translucent door.
  2937 | D:4      | Noticed Lavandula's ghost (amateur DEIE)
  3213 | D:4      | Found a sparkling altar of Nemelex Xobeh.
  3259 | D:4      | Found a sacrificial altar of Ru.
  3359 | D:4      | Found a staircase to the Ecumenical Temple.
  3362 | D:4      | Reached XP level 6. HP: 28/43 MP: 0/0
  3368 | Temple   | Entered the Ecumenical Temple
  3563 | D:4      | Became a worshipper of Ashenzari the Shackled
  3651 | D:4      | Reached skill level 5 in Shapeshifting
  3651 | D:4      | Reached XP level 7. HP: 34/49 MP: 0/0
  3651 | D:4      | Learned a level 3 spell: Ignite Poison
  3926 | D:5      | Entered Level 5 of the Dungeon
  3926 | D:5      | Noticed Eustachio
  3926 | D:5      | You are sucked into a shaft and drop 2 floors!
  3947 | D:6      | Found a sand-covered staircase.
  3956 | Ossuary  | Entered an ossuary
  4311 | D:6      | Reached skill level 5 in Unarmed Combat
  4326 | D:6      | Reached XP level 8. HP: 43/54 MP: 0/0
  4335 | D:6      | Reached skill level 6 in Shapeshifting
  4345 | D:6      | Noticed Grinder
  4350 | D:6      | Killed Grinder
  5030 | D:7      | Reached skill level 7 in Shapeshifting
  5149 | D:7      | Found a hide-covered altar of Uskayaw.
  5165 | D:7      | Reached XP level 9. HP: 55/58 MP: 0/0
  5165 | D:7      | Learned a level 3 spell: Ozocubu's Armour
  5251 | D:7      | Found a snail-covered altar of Cheibriados.
  5266 | D:7      | Found a glowing golden altar of the Shining One.
  5292 | D:7      | Found an iron altar of Okawaru.
  5321 | D:7      | Reached skill level 8 in Shapeshifting
  5674 | D:7      | Found a shadowy altar of Dithmenos.
  5740 | D:7      | Identified the +0 ring mail of Lilacs {rPois rC+ Will+
                  | Str+2}
  5910 | D:8      | Found Beluruvva's Antique Weapon Boutique.
  5931 | D:8      | Found Nois's Antique Weapon Boutique.
  6005 | D:8      | Reached XP level 10. HP: 58/64 MP: 0/0
  6087 | D:8      | Noticed a deep elf pyromancer
  6096 | D:8      | Killed a deep elf pyromancer
  6097 | D:8      | Reached skill level 9 in Shapeshifting
  6140 | D:8      | Found a hazy altar of Hepliaklqana.
  6305 | D:8      | Found Xirgh's Assorted Antiques.
  6307 | D:8      | Found Emul's Magic Scroll Shoppe.
  6421 | D:8      | Noticed a moth of wrath
  6446 | D:8      | Found a bloodstained altar of Trog.
  6562 | D:8      | Found a basalt altar of Yredelemnul.
  6564 | D:8      | Found Surr's Jewellery Boutique.
  6746 | D:9      | Found a flagged portal.
  6763 | Bailey   | Entered a bailey
  7147 | Bailey   | Reached skill level 10 in Shapeshifting
  7917 | Bailey   | Noticed an orc knight
  7931 | Bailey   | Killed an orc knight
  7932 | Bailey   | Reached XP level 11. HP: 43/68 MP: 0/0
  7932 | Bailey   | Learned a level 5 spell: Agony
  8038 | Bailey   | Noticed an orc warlord
  8041 | Bailey   | Gained mutation: You occasionally lose the ability to drink
                  | potions when taking damage. [potion of mutation]
  8041 | Bailey   | Gained mutation: You have hidden genetic potential. [potion
                  | of mutation]
  8042 | Bailey   | Lost mutation: You occasionally lose the ability to drink
                  | potions when taking damage. [potion of mutation]
  8042 | Bailey   | Lost mutation: You have hidden genetic potential. [potion
                  | of mutation]
  8042 | Bailey   | Gained mutation: You do not regenerate when monsters are
                  | visible. [potion of mutation]
  8064 | Bailey   | Killed an orc warlord
  8082 | Bailey   | Slain by an orc warrior

Illustrated notes

Levels and vault maps discovered:
D:1:      dpeg_arrival_morbid_curiosity, layout_loops_ring
D:2:      minmay_door_path, layout_basic
D:3:      layout_loops_ring, doesnt_xom_only_xom,
          hellmonk_ecumenical_altar_watching_god, minmay_cut_off, uniq_jessica
D:4:      layout_loops_ring, ashenzari_altar_1, nicolae_overflow_crystal_walls,
          nicolae_ru_the_path_less_chosen,
          mainiacjoe_overflow_concentric_impassable,
          minmay_temple_entry_proselytizer, ebering_ghost_disaster_area,
          minmay_shop_enchanted_jewellery, minmay_divided_ellipse
D:5:      layout_loops_cross, zin_scriptorium, uniq_eustachio, uniq_sigmund
D:6:      layout_rooms, enter_ossuary_1, kennysheep_pointless_box, uniq_grinder
D:7:      layout_rooms, lemuel_crystal_altar, cheibriados_altar_1,
          kennysheep_mini, mainiacjoe_overflow_alcove_4, general_overflow_altar
D:8:      layout_rooms, tgw_trog, nicolae_hepliaklqana_hazy_memory,
          mainiacjoe_overflow_alcove_1, serial_shops, shop,
          nicolae_shop_competitors_out_of_business, shop, shop, shop,
          st_stairs_2
D:9:      layout_small_grid, nzn_wu_jian_contemplation, enter_bailey_5,
          chequers_decorated_corner
Temple:   hellmonk_temple_flake
Bailey:   bailey_axe_minmay_hex_keep, bailey

Skill      XL: |  1  2  3  4  5  6  7  8  9 10 |
---------------+-------------------------------+-----
Shapeshifting  | 3 4 5 7 8 10 | 10.8
Unarmed Combat | 3 4 5 6 7 9 |  9.8
Fighting       | |  2.0
Dodging        | |  2.1

Action                     |  1- 3 |  4- 6 |  7- 9 | 10-12 || total
---------------------------+-------+-------+-------+-------++-------
  Melee: Unarmed           |    95 |   100 |   156 |   146 ||   497
         Punch             |     3 |       |       |       ||     3
         Constrict         |       |    10 |    48 |    36 ||    94
  Evoke: Wand              |       |       |       |     6 ||     6
    Use: Scroll            |       |       |     8 |     3 ||    11
         Potion            |       |       |     1 |    21 ||    22
   Stab: Sleeping          |       |     2 |       |       ||     2
 Armour: Animal skin       |    12 |     4 |       |       ||    16
         Skin              |       |    20 |    53 |    49 ||   122
  Dodge: Dodged            |    47 |    74 |    58 |    65 ||   244
         Form:             |     1 |       |     1 |       ||     2
         Beast             |     1 |       |       |       ||     1
         Anaconda          |       |     1 |     1 |       ||     2

Table legend: (Time is in decaauts)
 A = Elapsed time spent in this place.
 B = Non-inter-level travel time spent in this place.
 C = Inter-level travel time spent in this place.
 D = Time resting spent in this place.
 E = Time spent auto-exploring this place.
 F = Levels seen in this place.
 G = Mean time per level.
                   A        B        C        D        E       F      G
               +--------+--------+--------+--------+--------+-----+--------+
         Total |   8018 |   7728 |    290 |   1187 |   5284 |  12 |  668.2 |
       Dungeon |   6223 |   5935 |    288 |    350 |   4585 |   9 |  691.4 |
        Temple |    153 |    151 |      2 |      0 |    137 |   1 |  153.0 |
       Ossuary |    345 |    345 |      0 |      4 |    258 |   1 |  345.0 |
        Bailey |   1295 |   1295 |      0 |    833 |    304 |   1 | 1295.0 |
               +--------+--------+--------+--------+--------+-----+--------+

Top non-repeatable levels by time:
  Bailey: 1295 daAuts
     D:4: 974 daAuts
     D:2: 957 daAuts
     D:1: 925 daAuts
     D:3: 904 daAuts
     D:6: 827 daAuts
     D:8: 787 daAuts
     D:7: 768 daAuts
 Ossuary: 345 daAuts
  Temple: 153 daAuts
     D:9: 78 daAuts
